 Dungeon Crawl Stone Soup version 0.27-a0-277-g024f7ef292 (webtiles) character file.

Game seed: 4688210673543129195

4398 Borgoz the Grappler (level 10, -4/88 HPs)
             Began as a Ghoul Gladiator on Feb 5, 2021.
             Slain by a killer bee (9 damage)
             ... on level 8 of the Dungeon.
             The game lasted 00:13:18 (10561 turns).

Borgoz the Grappler (Ghoul Gladiator)              Turns: 10561, Time: 00:13:18

Health: -4/88      AC:  9    Str: 19    XL:     10   Next: 35%
Magic:  9/9        EV: 19    Int:  5    God:
Gold:   653        SH:  5    Dex: 13    Spells: 9/9 levels left

rFire    + . .     SeeInvis .     - Unarmed
rCold    + . .     Faith    .   C - +0 buckler
rNeg     + + +     Spirit   .   s - +1 leather armour "Luimmoji" {rN+ Will+ Int+2}
rPois    ∞         Reflect  .   b - +1 helmet
rElec    .         Harm     .   u - +0 cloak
rCorr    .         Rampage  .   (no gloves)
Will     +....                  E - +0 pair of boots (curse)
Stlth    +.........             (no amulet)
HPRegen  0.00/turn              k - ring of protection from fire
MPRegen  0.11/turn              t - +4 ring of evasion

@: no status effects
A: claws 1, cold resistance 1, negative energy resistance 3, inhibited
regeneration, torment resistance, unbreathing
a: no special abilities


You were on level 8 of the Dungeon.
You visited 1 branch of the dungeon, and saw 8 of its levels.
You also visited: Ossuary.

You collected 653 gold pieces.

Inventory:

Missiles
 c - 2 throwing nets (quivered)
Armour
 b - a +1 helmet (worn)
 s - the +1 leather armour "Luimmoji" (worn) {rN+ Will+ Int+2}
   (You took it off a gnoll on level 7 of the Dungeon)

   It affects your intelligence (+2).
   It protects you from negative energy.
   It affects your willpower, your defense against some magical effects.
 u - a +0 cloak (worn)
 C - a +0 buckler (worn)
 E - a cursed +0 pair of boots (worn)
Jewellery
 a - an uncursed ring of resist corrosion
 k - a ring of protection from fire (left claw)
 t - a +4 ring of evasion (right claw)
 x - an uncursed ring of fire
 D - an uncursed ring of ice
Scrolls
 d - 4 scrolls of remove curse
 e - 2 scrolls of enchant armour
 i - a scroll of vulnerability {unknown}
 m - a scroll of holy word {unknown}
 o - a scroll of identify
 p - 3 scrolls of enchant weapon {unknown}
 q - 2 scrolls of fog {unknown}
 r - a scroll of blinking {unknown}
 v - 2 scrolls of teleportation {unknown}
 y - a scroll of immolation {unknown}
 A - a scroll of silence {unknown}
 B - a scroll of magic mapping
Potions
 f - 5 potions of heal wounds
 g - 6 potions of curing
 h - 4 potions of flight
 j - 2 potions of brilliance
 l - a potion of resistance
 n - 2 potions of berserk rage {unknown}
 w - 2 potions of attraction
 z - a potion of cancellation


   Skills:
 + Level 8.0 Fighting
 - Level 1.7 Throwing
 + Level 6.3 Armour
 + Level 7.0 Dodging
 - Level 4.0 Shields
 + Level 8.4 Unarmed Combat


You had 9 spell levels left.
You didn't know any spells.
Your spell library contained the following spells:

 Spells                   Type           Power        Failure   Level
 Animate Armour           Summ/Erth      0%           99%         4
 Leda's Liquefaction      Hex/Erth       0%           99%         4
 Bolt of Magma            Conj/Fire/Erth 0%           100%        5
 Iron Shot                Conj/Erth      0%           100%        6
 Shatter                  Erth           0%           100%        9
 Statue Form              Tmut/Erth      Unusable     N/A         6

Dungeon Overview and Level Annotations

Branches:
Dungeon (8/15)             Temple (0/1) D:5         Ossuary (visited)
   Lair: D:8-11

Altars:
Ashenzari
Dithmenos
Elyvilon
Hepliaklqana
Kikubaaqudgha
Makhleb
Qazlal
Ru
Trog
Vehumet
Wu Jian
Xom
Zin

Shops:
D:6 (


Innate Abilities, Weirdness & Mutations

You thrive by killing the living.
You are immune to poison.
You have sharp fingernails.
Your flesh is cold resistant. (rC+)
You are immune to negative energy. (rN+++)
You do not regenerate when monsters are visible.
You are immune to unholy pain and torment.
You can survive without breathing.


Message History

The killer bee misses you. The killer bee barely misses you.
The killer bee stings you.
* * * LOW HITPOINT WARNING * * *
The killer bee misses you.
You miss the killer bee.
The killer bee is heavily wounded.
The killer bee misses you. The killer bee barely misses you. x2
The killer bee stings you.
* * * LOW HITPOINT WARNING * * *
You miss the killer bee.
The killer bee is heavily wounded.
The killer bee stings you.
* * * LOW HITPOINT WARNING * * *
The killer bee stings you.
* * * LOW HITPOINT WARNING * * *
You scratch the killer bee.
The killer bee is heavily wounded.
The killer bee stings you but does no damage.
The killer bee closely misses you. x2; The killer bee stings you!
You die...

#.......)......)..
#........<.....###
#..............?.[
#..............[..
#..............)..
####†................
#..†.†..........#....
#..†yy.......####....
#...@......... .....
#....................
#....###..... ......
#....# .... .......
#..... ... #..... ..
#...... #......


You could see 2 killer bees.

Vanquished Creatures
  A steam dragon (D:7)
  Duvessa (D:6)
  3 orc warriors
  A sky beast (D:7)
  2 ogres
  2 centaurs
  A phantom (D:8)
  A gnoll sergeant (D:8)
  An elf zombie (D:4)
  7 bullfrogs
  2 elf skeletons (D:4)
  10 scorpions
  A wyvern skeleton (D:8)
  4 killer bees (D:8)
  Dowan (D:6)
  8 wights
  A howler monkey (D:4)
  2 centaur zombies (Ossuary)
  A jelly (D:6)
  A human zombie (Ossuary)
  Crazy Yiuf (D:3)
  3 hounds
  8 orc priests
  A centaur skeleton (D:8)
  2 human skeletons (D:4)
  14 orc wizards
  3 worker ants
  A statue (D:4)
  2 big kobold zombies (Ossuary)
  3 mummies (Ossuary)
  2 hound skeletons (D:7)
  8 gnolls
  9 adders
  2 scorpion zombies (Ossuary)
  4 shadow imps
  3 white imps
  An ufetubus (D:6)
  3 oozes
  An adder skeleton (D:4)
  4 worms
  5 dart slugs
  6 leopard geckos
  41 orcs
  6 ball pythons
  5 giant cockroaches
  12 goblins
  9 hobgoblins
  4 jackals (D:1)
  8 quokkas
  4 bats (D:1)
  6 frilled lizards
  4 gnoll zombies (Ossuary)
  4 goblin zombies (Ossuary)
  A jackal skeleton (D:6)
  10 kobolds
  2 kobold zombies (Ossuary)
  An orc skeleton (D:4)
  4 orc zombies (Ossuary)
  4 rats
262 creatures vanquished.

Vanquished Creatures (others)
  A bullfrog (D:7)
  2 fungi (D:3)
3 creatures vanquished.

Grand Total: 265 creatures vanquished

Notes
Turn   | Place    | Note
-------+----------+-------------------------------------------
     0 | D:1      | Borgoz the Ghoul Gladiator began the quest for the Orb.
     0 | D:1      | Reached XP level 1. HP: 17/17 MP: 0/0
   108 | D:1      | Reached XP level 2. HP: 23/25 MP: 1/1
   247 | D:1      | Reached skill level 1 in Armour
   247 | D:1      | Reached XP level 3. HP: 22/30 MP: 2/2
  1117 | D:2      | Reached XP level 4. HP: 37/37 MP: 3/3
  1829 | D:2      | Found a white marble altar of Elyvilon.
  2327 | D:3      | Reached XP level 5. HP: 12/45 MP: 4/4
  2833 | D:3      | Found a stormy altar of Qazlal.
  2833 | D:3      | Found a glowing silver altar of Zin.
  2841 | D:3      | Found a faded altar of an unknown god.
  2843 | D:3      | Found a broken altar of Ashenzari.
  2845 | D:3      | Found a shimmering altar of Xom.
  3202 | D:3      | Reached XP level 6. HP: 38/52 MP: 5/5
  3290 | D:3      | Found a shadowy altar of Dithmenos.
  3743 | D:3      | Found a runed translucent door.
  3744 | D:3      | Noticed Crazy Yiuf
  3757 | D:3      | Killed Crazy Yiuf
  4159 | D:4      | Found a sand-covered staircase.
  4177 | D:4      | Reached skill level 5 in Unarmed Combat
  4179 | Ossuary  | Entered an ossuary
  4256 | Ossuary  | Reached XP level 7. HP: 57/60 MP: 6/6
  4833 | Ossuary  | Reached skill level 5 in Fighting
  5023 | Ossuary  | Reached XP level 8. HP: 54/68 MP: 7/7
  5316 | D:4      | Reached skill level 5 in Dodging
  5455 | D:4      | Found a radiant altar of Vehumet.
  5830 | D:4      | Found a sacrificial altar of Ru.
  5904 | D:4      | Found a bloodstained altar of Trog.
  6194 | D:5      | Entered Level 5 of the Dungeon
  6454 | D:5      | Reached skill level 1 in Shields
  6702 | D:5      | Found an ornate altar of the Wu Jian Council.
  6709 | D:5      | Found an ancient bone altar of Kikubaaqudgha.
  6715 | D:5      | Found a hazy altar of Hepliaklqana.
  6874 | D:5      | Found a staircase to the Ecumenical Temple.
  7290 | D:6      | Reached XP level 9. HP: 75/75 MP: 8/8
  7332 | D:6      | Found Peydeemm's Weapon Shop.
  7495 | D:6      | Reached skill level 5 in Armour
  7831 | D:6      | Noticed Dowan
  7832 | D:6      | Noticed Duvessa
  7837 | D:6      | Killed Dowan
  7867 | D:6      | Killed Duvessa
  8971 | D:7      | Reached XP level 10. HP: 84/86 MP: 9/9
  9359 | D:8      | Identified the +1 leather armour "Luimmoji" {rN+ Will+
                  | Int+2}
 10353 | D:8      | Found a burning altar of Makhleb.
 10561 | D:8      | Slain by a killer bee

Illustrated notes

Levels and vault maps discovered:
D:1:      dpeg_arrival_castle, layout_loops_ring, minmay_quantized
D:2:      layout_basic, elyvilon_altar_5
D:3:      layout_basic, lemuel_doored_altar,
          chequers_temple_overflow_minitemple, uniq_crazy_yiuf_cottage
D:4:      layout_loops_cross, old_standard_altar, vehumet_statue,
          nicolae_ossuary_entry_catacombs, minmay_misc_feat_iff,
          trog_butcher_becter
D:5:      layout_rooms, minmay_overflow_temple_star_quad,
          minmay_temple_entry_gardened_gates, guppyfry_early_orc_mine
D:6:      layout_basic, serial_shops, shop, uniq_duvessa, uniq_pikel
D:7:      layout_rooms
D:8:      layout_basic, old_standard_altar, lemuel_crystal_altar

Skill      XL: |  1  2  3  4  5  6  7  8  9 10 |
---------------+-------------------------------+-----
Armour         | 1 2 3 4 5 6 |  6.3
Dodging        | 3 4 5 6 7 |  7.0
Fighting       | 3 4 5 6 7 8 |  8.0
Unarmed Combat | 4 5 6 7 8 |  8.4
Shields        | 1 3 4 |  4.0
Throwing       | |  1.7

Action                   |  1- 3 |  4- 6 |  7- 9 | 10-12 || total
-------------------------+-------+-------+-------+-------++-------
Melee: Unarmed           |   110 |   309 |   553 |   227 ||  1199
       Punch             |     1 |     7 |     7 |       ||    15
Throw: Throwing net      |       |     1 |     4 |       ||     5
  Use: Potion            |       |     1 |     4 |     3 ||     8
       Scroll            |       |     4 |     9 |     2 ||    15
 Stab: Invisible         |       |       |     1 |       ||     1
Armor: Leather armour    |    32 |    48 |    69 |    57 ||   206
       Ring mail         |       |       |    82 |    15 ||    97
Dodge: Dodged            |    91 |   170 |   447 |   384 ||  1092
Block: Buckler           |       |       |    50 |    98 ||   148

Table legend: (Time is in decaauts)
 A = Elapsed time spent in this place.
 B = Non-inter-level travel time spent in this place.
 C = Inter-level travel time spent in this place.
 D = Time resting spent in this place.
 E = Time spent auto-exploring this place.
 F = Levels seen in this place.
 G = Mean time per level.
                   A        B        C        D        E       F      G
               +--------+--------+--------+--------+--------+-----+--------+
         Total |  10432 |  10138 |    294 |   2455 |   5500 |   9 | 1159.1 |
       Dungeon |   9389 |   9095 |    294 |   1963 |   5270 |   8 | 1173.6 |
       Ossuary |   1042 |   1042 |      0 |    492 |    230 |   1 | 1042.0 |
               +--------+--------+--------+--------+--------+-----+--------+

Top non-repeatable levels by time:
     D:3: 1675 daAuts
     D:6: 1574 daAuts
     D:2: 1205 daAuts
     D:4: 1168 daAuts
     D:7: 1060 daAuts
 Ossuary: 1042 daAuts
     D:1: 1041 daAuts
     D:8: 848 daAuts
     D:5: 816 daAuts
